 Dungeon Crawl Stone Soup version 0.12.2-18-gb8c16a5 (webtiles) character file.

226 Gabry the Shield-Bearer (level 4, 0/40 HPs)
             Began as a Minotaur Fighter on Aug 22, 2013.
             Killed from afar by an orc wizard (3 damage)
             ... with a puff of flame
             ... on Level 3 of the Dungeon.
             The game lasted 00:05:23 (1177 turns).

Gabry the Shield-Bearer (Minotaur Fighter)          Turns: 1177, Time: 00:05:23

HP   0/40        AC  9     Str 20      XL: 4   Next: 50%
MP   1/1         EV  6     Int  5      God:
Gold 124         SH 19     Dex 11      Spells:  0 memorised,  3 levels left

Res.Fire  : . . .   See Invis. : .   a - +0 mace
Res.Cold  : + . .   Warding    : .   b - +0 scale mail
Life Prot.: . . .   Conserve   : .   c - +0 shield
Res.Poison: .       Res.Corr.  : .   (helmet restricted)
Res.Elec. : .       Clarity    : .   (no cloak)
Sust.Abil.: . .     Spirit.Shd : .   g - +0 pair of gloves
Res.Mut.  : .       Stasis     : .   m - +0 pair of boots
Res.Rott. : .       Ctrl.Telep.: .   (no amulet)
Saprovore : . . .   Flight     : +   (no ring)
                                     i - ring of protection from cold {unknown}

@: flying, slightly resistant to hostile enchantments, extremely unstealthy
A: retaliatory headbutt, horns 2
a: no special abilities


You were on level 3 of the Dungeon.
You were hungry.

You visited 1 branch of the dungeon, and saw 3 of its levels.

You collected 104 gold pieces.

Inventory:

Hand weapons
 a - a +0,+0 mace (weapon)
 h - a -1,+1 orcish dagger (quivered)
Armour
 b - a +0 scale mail (worn)
 c - a +0 shield (worn)
 e - a +0 pair of gauntlets
 g - a +0 pair of gloves (worn)
 m - a +0 pair of boots (worn)
Comestibles
 d - 4 bread rations
Scrolls
 f - 2 scrolls of teleportation {unknown}
 j - 3 scrolls of identify {unknown}
 l - a scroll of curse jewellery {unknown}
 n - a scroll of blinking {unknown}
 p - a scroll of enchant weapon I {unknown}
 t - a scroll of enchant armour {unknown}
 u - a scroll of curse armour {unknown}
Jewellery
 i - a ring of protection from cold (left hand) {unknown}
 w - an uncursed ring of wizardry {unknown}
Potions
 k - a potion of restore abilities
 q - a potion of agility {unknown}
 r - a potion of curing {unknown}
 s - a potion of flight
 v - a potion of brilliance {unknown}


   Skills:
 + Level 4.2 Fighting
 + Level 3.2 Maces & Flails
 + Level 4.5 Armour
 + Level 0.7 Dodging
 + Level 0.1 Stealth
 + Level 4.6 Shields
 + Level 0.2 Traps


You had 3 spell levels left.
You didn't know any spells.

Dungeon Overview and Level Annotations

Branches:
Dungeon (3/27)

Altars:


Innate Abilities, Weirdness & Mutations

You reflexively headbutt those who attack you in melee.
You have a pair of horns on your head.


Message History

A bat comes into view.
You block the bat's attack. You block the bat's attack.
A hobgoblin comes into view. It is wielding an orcish club.
The hobgoblin shouts!
You are feeling very hungry.
Drink which item? (? for menu, Esc to quit)
You feel refreshed.
It was a potion of restore abilities.
You are feeling hungry.
Drink which item? (? for menu, Esc to quit)
You feel very buoyant.
You fly up into the air.
It was a potion of flight.
You hit it. You headbutt it. You block the hobgoblin's attack. It hits you.
* * * LOW HITPOINT WARNING * * *
You hit the hobgoblin.
The hobgoblin is moderately wounded.
The hobgoblin hits you but does no damage.
You hear some strange, mumbled words.
The puff of flame hits you!
You die...

#.# ##.# #... #..# #..#
########## #..## ..<......#
... ########.# #g# # #@### #
#.{o# # ###.# # #.# #
########.# # ......b..# #
#######..########.#
################........)...#
....................o..%....#


You could see an orc and a hobgoblin.

Vanquished Creatures
  An orc wizard (D:3)
  4 adders
  A giant gecko (D:2)
  2 orcs (D:3)
  2 bats (D:1)
  4 goblins
  2 hobgoblins
  5 kobolds
  A quokka (D:2)
  2 ball pythons
  3 giant cockroaches
  4 giant newts
  5 jackals
  7 rats
43 creatures vanquished.

Vanquished Creatures (others)
  A ball python (D:2)
1 creature vanquished.

Grand Total: 44 creatures vanquished

Notes
Turn   | Place    | Note
--------------------------------------------------------------
     0 | D:1      | Gabry, the Minotaur Fighter, began the quest for the Orb.
     0 | D:1      | Reached XP level 1. HP: 19/19 MP: 0/0
   271 | D:1      | Reached XP level 2. HP: 20/26 MP: 0/0
   405 | D:1      | Reached skill level 4 in Shields
   629 | D:2      | Reached XP level 3. HP: 30/33 MP: 1/1
  1146 | D:3      | Reached XP level 4. HP: 37/40 MP: 1/1
  1163 | D:3      | HP: 2/40 [it/puff of flame (11)]
  1177 | D:3      | Killed from afar by an orc wizard

Action                   |  1- 3 |  4- 6 || total
-------------------------+-------+-------++-------
Melee: Mace              |    94 |    12 ||   106
  Use: Potion            |       |     2 ||     2
